 Dungeon Crawl Stone Soup version 0.19.5 (webtiles) character file.

35 equalderp2856 the Scratcher (level 3, 0/17 HPs)
             Began as a Felid Fighter on Mar 11, 2017.
             Slain by an adder (2 damage)
             ... on level 1 of the Dungeon.
             The game lasted 00:02:23 (1247 turns).

equalderp2856 the Scratcher (Felid Fighter)         Turns: 1247, Time: 00:02:24

Health: 0/17       AC:  1    Str: 13    XL:     3   Next: 16%
Magic:  4/4        EV: 19    Int:  9    God:
Gold:   23         SH:  0    Dex: 15    Spells: 0 memorised, 2 levels left
                                        Lives:  0   Deaths: 0

rFire  . . .     SeeInvis +       - Unarmed
rCold  . . .     Gourm    .     (armour unavailable)
rNeg   . . .     Faith    .     (shield unavailable)
rPois  .         Spirit   .     (helmet unavailable)
rElec  .         Reflect  .     (cloak unavailable)
rCorr  .         Harm     .     (gloves unavailable)
MR     .....                    (boots unavailable)
Stlth  ++........               (no amulet)
                                (no ring)
                                (no ring)

@: quick
A: no armour, no weapons or thrown items, stealth, claws 1, fangs 3, see
invisible, carnivore 3, speed 1, shaggy fur 1, slow metabolism 1, sharp paws
a: no special abilities


You were on level 1 of the Dungeon.
You were very full.

You visited 1 branch of the dungeon, and saw 2 of its levels.

You collected 23 gold pieces.

Inventory:

Jewellery
 c - an uncursed ring of magical power {unknown}
 d - an uncursed amulet of guardian spirit {unknown}
 g - a +4 ring of evasion {unknown}
Scrolls
 e - a scroll of magic mapping {unknown}
 h - a scroll of identify {unknown}
Potions
 a - a potion of might
Comestibles
 b - 2 meat rations
 f - a beef jerky


   Skills:
 + Level 3.2 Fighting
 + Level 4.3 Dodging
 + Level 1.5 Stealth
 + Level 4.5 Unarmed Combat


You had 2 spell levels left.
You didn't know any spells.

Dungeon Overview and Level Annotations

Branches:
Dungeon (2/15)

Altars:
Ashenzari


Innate Abilities, Weirdness & Mutations

You cannot wear armour.
You are incapable of wielding weapons or throwing items.
Your paws allow you to move quietly. (Stealth)
You have sharp claws.
You have razor-sharp teeth.
You have supernaturally acute eyesight. (SInv)
You are carnivorous and can eat meat at any time.
You cover ground quickly.
You are covered in fur. (AC +1)
You have a slow metabolism.
Your sharp claws are effective at attacking unaware monsters.


Message History

Things that are here:
a club; a goblin corpse
There is a stone staircase leading up here.
The leopard gecko closely misses you.
You climb upwards.
There is a stone staircase leading down here.
You scratch the leopard gecko.
The leopard gecko is heavily wounded.
The leopard gecko bites you.
* * * LOW HITPOINT WARNING * * *
You scratch the leopard gecko.
The leopard gecko is severely wounded.
The leopard gecko barely misses you.
You claw the leopard gecko!
You kill the leopard gecko!
You start resting.
An adder comes up the stairs.
Okay, then.
The adder bites you.
You die...

..............# #.#..............
..............###.#..............
.......######..##.#...#.##.......
...............#......#..........
......................####.......
..............#..................
..............#.....######.......
..####........#..........'.......
..# ##########.@.......##.......
..# #S#.##..).######### ..#
#...############### ### ##..####
#........ #.>...# #.#####..
############## #####.# #.# #..
.............# #.# #.# #..
############.# #.# #.# #.. # #.#
#.# #.# #..


You could see an adder.

Vanquished Creatures
  An adder (D:2)
  3 leopard geckos
  2 giant cockroaches (D:2)
  3 goblins
  3 hobgoblins
  3 bats
  3 frilled lizards
  5 rats
23 creatures vanquished.

Notes
Turn   | Place    | Note
-------+----------+-------------------------------------------
     0 | D:1      | equalderp2856 the Felid Fighter began the quest for the Orb.
     0 | D:1      | Reached XP level 1. HP: 10/10 MP: 2/2
   123 | D:1      | Found a shattered altar of Ashenzari.
   668 | D:1      | Reached XP level 2. HP: 14/14 MP: 3/3
   886 | D:2      | Reached skill level 1 in Stealth
  1196 | D:2      | Reached XP level 3. HP: 17/17 MP: 4/4
  1247 | D:1      | Slain by an adder

Skill      XL: |  1  2 |
---------------+-------+-----
Stealth        | 1 |  1.5
Fighting       | |  3.2
Dodging        | |  4.3
Unarmed Combat | |  4.5

Action                   || total
-------------------------++-------
Melee: Unarmed           ||    51
       Bite              ||     5
 Stab: Sleeping          ||     4
  Eat: Chunk             ||     7
Armor: Skin              ||     2
Dodge: Dodged            ||    45
